AoeStats
← 他并不是一个笨比

Coastal Forest

510549983Analyzed
4v4 RM · 18h ago on Oct 1, 2026· 37m 12s· 8 players
Game mode
Random Map
Map size
Large (8 player)
Population
200
Speed
Normal
Resources
Standard
Victory
Conquest
Starting age
Dark Age
Ending age
Imperial Age
RankedLock teamsTeams togetherTeam positionsShared explorationLock speedFull tech treeHidden civsTurbo modeCheats
Victory
Defeat
🇺🇸 Varangians · United States
1355
+13
🇮🇳 Danes · India
1340
+13
🇯🇵 Poles · Japan
1253
+16
🇹🇼 Armenians · Taiwan
1211
+18
🇬🇧 Italians · United Kingdom
1297
-16
🇹🇷 Maya · Türkiye
1275
-15
1272
-15
🇬🇧 Khitans · United Kingdom
1252
-14
Tokira
0:29 Loom
10:59 Feudal Age
11:41 Double-Bit Axe
13:02 Fletching
13:38 Padded Archer Armor
15:34 Horse Collar
17:04 Gold Mining
24:06 Castle Age
24:52 Bodkin Arrow
24:47 Crossbowman
25:36 Thumb Ring
26:59 Wheelbarrow
26:42 Bow Saw
29:08 Leather Archer Armor
30:11 Hand Cart
29:43 Town Watch
30:25 Ballistics
31:52 Heavy Plow
31:47 Stone Mining
37:21 Stone Shaft Mining
DizzyLeChuck
8:47 Feudal Age
7:34 Loom
9:20 Feudal Age
12:35 Double-Bit Axe
13:48 Domestication
18:47 Wheelbarrow
21:03 Gold Mining
23:28 Castle Age
21:42 Forging
21:38 Scale Barding Armor
23:23 Fletching
24:12 Husbandry
24:50 Iron Casting
24:43 Chain Barding Armor
31:43 Bow Saw
AoR | StubbyTheAngryBeaver
5:41 Loom
9:56 Feudal Age
23:17 Castle Age
22:56 Fletching
23:06 Padded Archer Armor
23:19 Crossbowman
24:00 Bodkin Arrow
28:25 Leather Archer Armor
34:07 Ballistics
他并不是一个笨比
11:44 Feudal Age
17:15 Castle Age
16:05 Double-Bit Axe
16:05 Horse Collar
16:40 Bloodlines
17:00 Scale Barding Armor
17:06 Forging
18:58 Wheelbarrow
18:53 Bow Saw
19:14 Forging
21:44 Husbandry
24:37 Loom
27:25 Iron Casting
27:15 Stone Mining
27:35 Gold Mining
28:24 Chain Barding Armor
30:07 Hand Cart
30:21 Fletching
31:11 Bodkin Arrow
31:44 Heated Shot
32:32 Heavy Plow
35:26 Imperial Age
34:34 Gold Shaft Mining
34:38 Stone Shaft Mining
33:42 Light Cavalry
37:02 Plate Barding Armor
37:28 Blast Furnace
35:51 Cavalier
daxbordeaux
10:28 Feudal Age
8:45 Loom
10:33 Feudal Age
11:53 Double-Bit Axe
12:34 Bloodlines
12:59 Scale Barding Armor
20:26 Horse Collar
22:37 Forging
23:29 Wheelbarrow
27:07 Castle Age
35:02 Chain Barding Armor
35:52 Iron Casting
35:50 Vendel Legacy
36:35 Husbandry
poplin
6:15 Loom
9:27 Feudal Age
10:41 Double-Bit Axe
11:06 Horse Collar
12:35 Forging
15:26 Scale Barding Armor
18:44 Bloodlines
20:04 Wheelbarrow
25:45 Castle Age
23:51 Stone Mining
24:41 Gold Mining
26:03 Light Cavalry
26:43 Husbandry
27:24 Iron Casting
27:10 Chain Barding Armor
28:14 Bow Saw
29:24 Szlachta Privileges
TastyChips
9:53 Loom
11:57 Feudal Age
13:40 Double-Bit Axe
16:17 Castle Age
14:29 Gold Mining
15:37 Fletching
17:44 Wheelbarrow
17:21 Bow Saw
17:27 Medium Warships
16:59 Fishing Lines
18:06 Bodkin Arrow
20:15 Clinker Construction
25:42 Scale Mail Armor
27:06 Chain Mail Armor
26:52 Padded Archer Armor
27:00 Horse Collar
29:16 Heavy Plow
29:35 Man-at-Arms
30:17 Squires
30:20 Gambesons
33:11 Imperial Age
30:23 Long Swordsman
32:06 Hand Cart
31:29 Two-Handed Swordsman
32:23 Gillnets
32:44 Champion
33:38 Forging
33:40 Arson
33:36 Capped Ram
35:17 Iron Casting
34:34 Siege Ram
37:28 Plate Mail Armor
37:59 Blast Furnace
HighEloREdiots
4:50 Loom
15:52 Feudal Age
17:33 Fletching
18:53 Padded Archer Armor
20:40 Horse Collar
21:27 Double-Bit Axe
27:43 Castle Age
27:47 Crossbowman
28:24 Bodkin Arrow
28:44 Leather Archer Armor
29:05 Thumb Ring
Connection lost

Rejoining the realm…

Still unreachable

The connection could not be restored.

Session expired

The server has moved on; the page needs a fresh start.